 Dungeon Crawl Stone Soup version 0.29.1-12-g30fa7ad0bf (webtiles) character file.

Game seed: 562738059245701616

97 booth the Covered (level 4, -2/32 HPs)
             Began as a Gnoll Wanderer on Jan 14, 2023.
             Was an Initiate of Gozag.
             Slain by Crazy Yiuf
             ... wielding a +4 quarterstaff of chaos
              (14 damage)
             ... on level 2 of the Dungeon.
             The game lasted 00:19:10 (2073 turns).

booth the Covered (Gnoll Wanderer)                  Turns: 2073, Time: 00:19:11

Health: -2/32      AC: 11    Str: 15    XL:     4   Next: 68%
Magic:  8/8        EV: 10    Int: 11    God:    Gozag
Gold:   190        SH:  0    Dex: 10    Spells: 5/9 levels left

rFire   . . .      SeeInvis .   a - +2 mace
rCold   . . .      Faith    .   i - orb {light}
rNeg    . . .      Spirit   .   b - +0 ring mail
rPois   .          Reflect  .   u - +1 helmet
rElec   .          Harm     .   (no cloak)
rCorr   .          Rampage  .   g - +0 pair of gloves {Stlth+}
Will    .....                   r - +0 pair of boots
Stlth   +.........              (no amulet)
HPRegen 0.10/turn               (no ring)
MPRegen 0.11/turn               (no ring)

@: glowing
A: fangs 1, strong nose, distributed training
a: Renounce Religion, Potion Petition, Call Merchant, Bribe Branch


You were on level 2 of the Dungeon.
You worshipped Gozag.
Gozag was aware of your devotion.
You visited 1 branch of the dungeon, and saw 2 of its levels.

You collected 305 gold pieces.
You spent 115 gold pieces at shops.

Inventory:

Hand Weapons
 a - a +2 mace (weapon)
 j - a +0 lajatang
 n - a +1 hand axe of freezing
Armour
 b - a +0 ring mail (worn)
 g - a +0 pair of gloves of stealth (worn)
 i - an orb of light (worn)
 r - a +0 pair of boots (worn)
 u - a +1 helmet (worn)
Jewellery
 t - a ring of wizardry
Scrolls
 h - a scroll of magic mapping
 k - 3 scrolls of brand weapon {unknown}
 l - a scroll of immolation {unknown}
 m - a scroll of poison {unknown}
 o - 2 scrolls of enchant armour {unknown}
 p - a scroll of fear {unknown}
 q - a scroll of noise {unknown}
 s - a scroll of identify
Potions
 c - a potion of curing
 d - a potion of might
 e - a potion of attraction
 f - 2 potions of haste


   Skills:
 + Level 1.2 Fighting
 + Level 1.2 Short Blades
 + Level 1.2 Long Blades
 + Level 1.2 Axes
 + Level 4.7 Maces & Flails
 + Level 1.2 Polearms
 + Level 1.2 Staves
 + Level 1.2 Ranged Weapons
 + Level 1.2 Throwing
 + Level 6.6 Armour
 + Level 1.2 Dodging
 + Level 4.3 Stealth
 + Level 1.2 Shields
 + Level 1.2 Unarmed Combat
 + Level 3.0 Spellcasting
 + Level 1.0 Conjurations
 + Level 1.0 Hexes
 + Level 1.0 Summonings
 + Level 3.9 Necromancy
 + Level 1.0 Translocations
 + Level 1.0 Transmutations
 + Level 1.0 Fire Magic
 + Level 1.0 Ice Magic
 + Level 1.0 Air Magic
 + Level 1.0 Earth Magic
 + Level 1.0 Poison Magic
 + Level 1.4 Invocations
 + Level 1.2 Evocations


You had 5 spell levels left.
You knew the following spells:

 Your Spells              Type           Power      Damage    Failure   Level
a - Necrotise             Necr           40%        1d6       10%         1
b - Vampiric Draining     Necr           10%        2d6       28%         3

Your spell library contained the following spells:

 Spells                   Type           Power      Damage    Failure   Level


Dungeon Overview and Level Annotations

Branches:
Dungeon (2/15)

Altars:
Gozag

Shops:
D:2 [

Annotations:
D:2 Crazy Yiuf


Innate Abilities, Weirdness & Mutations

You have very sharp teeth.
Your uncanny sense of smell can sniff out nearby items.
Your experience applies equally to all skills.


Message History

a +0 dagger; a +0 dagger; a +0 sling You now have 190 gold pieces (gained 29).
t - a ring of wizardry
Items here: ( ))))) [[.
Things that are here:
a +0 dagger; a +0 dagger; a +0 sling
Items here: ( ))))) [[.
u - a +1 helmet
Found a hammer.
Found a runed translucent door.
Crazy Yiuf shouts!
Unknown command.
Crazy Yiuf yells, "Ghoul light pontify!"
You start putting on your armour.
You continue putting on your +1 helmet. x3
Crazy Yiuf says, "I'm not crazy!"
You continue putting on your +1 helmet.
You finish putting on your +1 helmet.
You open the door.
Crazy Yiuf zaps a wand.
The roots erupt in riotous growth!
The grasping roots grab you! The grasping roots constrict you.
You escape the roots grasp.
Crazy Yiuf closely misses you.
There is an open translucent door here.
You hit Crazy Yiuf.
Crazy Yiuf is lightly wounded.
Crazy Yiuf hits you with a +4 quarterstaff of chaos!
You hit Crazy Yiuf.
Crazy Yiuf is heavily wounded.
Crazy Yiuf hits you with a +4 quarterstaff of chaos.
Crazy Yiuf freezes you.
You sock Crazy Yiuf!
Crazy Yiuf is almost dead.
Crazy Yiuf hits you with a +4 quarterstaff of chaos.
You are electrocuted!
You die...
Your body crumbles into a pile of gold.

#. .#. .#.## .....
.....## ......#####
#### ........#.##
###..)#
...........####.@g..#
###.#.......#..##...#
# #)#.#..#.### ####
#.######## #.#)##
#....#### .....##.#.#
.###. #[#.# .# #.#.#


You could see Crazy Yiuf.

Vanquished Creatures
  Terence (D:2)
  Robin (D:2)
  An adder (D:2)
  2 dart slugs (D:1)
  2 endoplasms (D:1)
  2 giant cockroaches (D:1)
  9 goblins
  11 hobgoblins
  2 quokkas (D:1)
  5 ball pythons
  A bat (D:1)
  2 frilled lizards
  3 kobolds (D:1)
  5 rats
47 creatures vanquished.

Notes
Turn   | Place    | Note
-------+----------+-------------------------------------------
     0 | D:1      | booth the Gnoll Wanderer began the quest for the Orb.
     0 | D:1      | booth set off with the following items: a +2 mace, a +0
                  | ring mail, a potion of curing; and the following spell
                  | memorised: Necrotise; and the following spells available to
                  | memorise: Vampiric Draining.
     0 | D:1      | Reached XP level 1. HP: 13/13 MP: 4/4
   571 | D:1      | Reached XP level 2. HP: 19/20 MP: 3/5
   675 | D:1      | Found a faded altar of an unknown god.
   681 | D:1      | Prayed at the altar of an unknown god.
   681 | D:1      | Became a worshipper of Gozag Ym Sagoz the Greedy
   884 | D:1      | Reached XP level 3. HP: 25/25 MP: 5/7
  1287 | D:1      | Reached skill level 1 in Invocations
  1598 | D:2      | Found Fieremp's Armour Shop.
  1607 | D:2      | Noticed Terence
  1621 | D:2      | Killed Terence
  1622 | D:2      | Reached skill level 1 in Fighting
  1622 | D:2      | Reached skill level 1 in Short Blades
  1622 | D:2      | Reached skill level 1 in Long Blades
  1622 | D:2      | Reached skill level 1 in Axes
  1622 | D:2      | Reached skill level 1 in Polearms
  1622 | D:2      | Reached skill level 1 in Staves
  1622 | D:2      | Reached skill level 1 in Ranged Weapons
  1622 | D:2      | Reached skill level 1 in Throwing
  1622 | D:2      | Reached skill level 1 in Dodging
  1622 | D:2      | Reached skill level 1 in Shields
  1622 | D:2      | Reached skill level 1 in Unarmed Combat
  1622 | D:2      | Reached skill level 1 in Evocations
  1622 | D:2      | Reached XP level 4. HP: 31/32 MP: 5/8
  1628 | D:2      | Learned a level 3 spell: Vampiric Draining
  1640 | D:2      | Bought a +0 pair of gloves of stealth for 115 gold pieces
  1935 | D:2      | Noticed Robin
  1960 | D:2      | Reached skill level 1 in Conjurations
  1960 | D:2      | Reached skill level 1 in Hexes
  1960 | D:2      | Reached skill level 1 in Summonings
  1960 | D:2      | Reached skill level 1 in Translocations
  1960 | D:2      | Reached skill level 1 in Transmutations
  1960 | D:2      | Reached skill level 1 in Fire Magic
  1960 | D:2      | Reached skill level 1 in Ice Magic
  1960 | D:2      | Reached skill level 1 in Air Magic
  1960 | D:2      | Reached skill level 1 in Earth Magic
  1960 | D:2      | Reached skill level 1 in Poison Magic
  2039 | D:2      | Killed Robin
  2060 | D:2      | Found a runed translucent door.
  2061 | D:2      | Noticed Crazy Yiuf
  2073 | D:2      | Slain by Crazy Yiuf

Illustrated notes

Levels and vault maps discovered:
D:1:      dpeg_arrival_water_fire, layout_basic, ebering_ecumenical_altar_hall,
          minmay_misc_feat_five, minmay_misc_feat_nine_boxes
D:2:      wander_river, layout_loops_ring, serial_shops,
          nicolae_shop_statue_plus, uniq_crazy_yiuf_cottage, uniq_terence,
          uniq_robin

Skill      XL: |  1  2  3  4 |
---------------+-------------+-----
Invocations    | 1 |  1.4
Fighting       | 1 |  1.2
Short Blades   | 1 |  1.2
Long Blades    | 1 |  1.2
Axes           | 1 |  1.2
Polearms       | 1 |  1.2
Staves         | 1 |  1.2
Ranged Weapons | 1 |  1.2
Throwing       | 1 |  1.2
Dodging        | 1 |  1.2
Shields        | 1 |  1.2
Unarmed Combat | 1 |  1.2
Evocations     | 1 |  1.2
Spellcasting   | 3 |  3.0
Conjurations   | 1 |  1.0
Hexes          | 1 |  1.0
Summonings     | 1 |  1.0
Translocations | 1 |  1.0
Transmutations | 1 |  1.0
Fire Magic     | 1 |  1.0
Ice Magic      | 1 |  1.0
Air Magic      | 1 |  1.0
Earth Magic    | 1 |  1.0
Poison Magic   | 1 |  1.0
Maces & Flails | |  4.7
Armour         | |  6.6
Stealth        | |  4.3
Necromancy     | |  3.9

Action                   |  1- 3 |  4- 6 || total
-------------------------+-------+-------++-------
Melee: Mace              |    62 |    30 ||    92
       Bite              |     4 |     1 ||     5
 Cast: Necrotise         |    26 |    11 ||    37
  Use: Scroll            |     2 |     3 ||     5
Armor: Ring mail         |    22 |    18 ||    40
Dodge: Dodged            |    36 |    24 ||    60
